 Dungeon Crawl Stone Soup version 0.29-a0-1065-g47a6bb87d6 (webtiles) character file.

Game seed: 2865750284173123857

44 Newt the Trooper (level 3, -3/29 HPs)
             Began as a Demonspawn Gladiator on Aug 18, 2022.
             Was a Follower of Trog.
             Slain by a quokka (4 damage)
             ... on level 2 of the Dungeon.
             The game lasted 00:01:49 (1429 turns).

Newt the Trooper (Demonspawn Gladiator)             Turns: 1429, Time: 00:01:51

Health: -3/29      AC:  4    Str: 16    XL:     3   Next: 41%
Magic:  3/3        EV:  9    Int:  9    God:    Trog [*.....]
Gold:   38         SH:  4    Dex: 14    Spells: 2/2 levels left

rFire   . . .      SeeInvis .   f - +1 short sword (drain)
rCold   . . .      Faith    .   (no shield)
rNeg    . . .      Spirit   .   b - +0 leather armour
rPois   .          Reflect  .   c - +0 helmet
rElec   .          Harm     .   (no cloak)
rCorr   .          Rampage  .   (no gloves)
Will    .....                   (no boots)
Stlth   ++........              (no amulet)
HPRegen 0.09/turn               (no ring)
MPRegen 0.08/turn               (no ring)

@: constricted
A: condensation shield
a: Renounce Religion, Berserk


You were on level 2 of the Dungeon.
You worshipped Trog.
Trog was aware of your devotion.
You visited 1 branch of the dungeon, and saw 2 of its levels.

You collected 38 gold pieces.

Inventory:

Hand Weapons
 a - a +0 rapier
 f - a +1 short sword of draining (weapon)
Missiles
 d - 3 throwing nets
 e - a javelin
 g - 20 stones (quivered)
Armour
 b - a +0 leather armour (worn)
 c - a +0 helmet (worn)
Scrolls
 i - a scroll of poison {unknown}
 j - a scroll of summoning {unknown}
 k - 2 scrolls of enchant weapon {unknown}
 n - a scroll of teleportation {unknown}
Potions
 h - a potion of curing
 l - a potion of flight
 m - a potion of berserk rage {unknown}


   Skills:
 + Level 3.1 Fighting
 - Level 2.6 Short Blades
 - Level 1.7 Throwing
 - Level 2.6 Dodging
 - Level 2.0 Stealth


You had 2 spell levels left.
You didn't know any spells.
Your spell library was empty.

Dungeon Overview and Level Annotations

Branches:
Dungeon (2/15)

Altars:
Trog


Innate Abilities, Weirdness & Mutations

A meltable shield of frost defends you. (SH +4)


Message History

The ball python grabs you.
You stop ascending the stairs.
The ball python constricts you.
The quokka bites you but does no damage.
Unknown command.
The ball python's grasp on you weakens, but your attempt to escape fails.
The ball python bites you. The ball python barely misses you.
The ball python constricts you.
The quokka bites you but does no damage.
You block the gnoll's attack. You block the ball python's attack.
The ball python barely misses you. The ball python constricts you.
Unknown command.
You escape the ball python's grasp.
The quokka bites you. You block the ball python's attack.
The ball python grabs you.
You stop ascending the stairs.
The ball python constricts you. The gnoll hits you but does no damage.
Unknown command.
You escape the ball python's grasp.
The quokka misses you.
The ball python bites you but does no damage.
The ball python grabs you.
You stop ascending the stairs.
The ball python constricts you.
The gnoll hits you from afar with a +0 halberd.
The ball python bites you but does no damage.
Unknown command.
You escape the ball python's grasp.
The quokka bites you.
* * * LOW HITPOINT WARNING * * *
The ball python bites you but does no damage.
The ball python grabs you.
You stop ascending the stairs.
The ball python constricts you.
* * * LOW HITPOINT WARNING * * *
You block the ball python's attack.
The gnoll hits you from afar with a +0 halberd.
* * * LOW HITPOINT WARNING * * *
The quokka barely misses you.
You escape the ball python's grasp.
The gnoll shouts!
The ball python misses you. The ball python grabs you.
You stop ascending the stairs.
The ball python constricts you.
* * * LOW HITPOINT WARNING * * *
The quokka bites you.
You die...

###.....## ..g..
#...##### ..g.
#########[### . ... ##
##..........#######.. ..
.###..................g.
.
.#...............#...g..
.#................g.....
.....................##
.##.............@..###
.##............SSr.#
.......).........#.#
................#....
...........#....#.....
...###.........(..$$....
.............##. .......
............. .. ......?
...........


You could see 3 gnolls, a quokka and 2 ball pythons.

Vanquished Creatures
  A gnoll (D:1)
  A dart slug (D:1)
  6 ball pythons
  3 goblins (D:1)
  6 hobgoblins (D:1)
  3 quokkas (D:1)
  A bat (D:1)
  2 frilled lizards (D:1)
  5 kobolds
  3 rats (D:1)
31 creatures vanquished.

Notes
Turn   | Place    | Note
-------+----------+-------------------------------------------
     0 | D:1      | Newt the Demonspawn Gladiator began the quest for the Orb.
     0 | D:1      | Reached XP level 1. HP: 16/16 MP: 1/1
    16 | D:1      | Reached skill level 1 in Stealth
    63 | D:1      | Gained mutation: A meltable shield of frost defends you.
                  | (SH +4) [demonic ancestry]
    63 | D:1      | Reached XP level 2. HP: 20/22 MP: 2/2
   668 | D:1      | Reached XP level 3. HP: 15/28 MP: 3/3
  1229 | D:1      | Reached skill level 3 in Fighting
  1410 | D:1      | Prayed at the altar of an unknown god.
  1410 | D:1      | Became a worshipper of Trog the Wrathful
  1410 | D:1      | Reached * piety under Trog
  1428 | D:2      | HP: 1/29 [gnoll/+0 halberd (4)]
  1429 | D:2      | Slain by a quokka

Illustrated notes

Levels and vault maps discovered:
D:1:      spicycebolla_arrival_ecumenical, layout_basic
D:2:      layout_rooms

Skill      XL: |  1  2  3 |
---------------+----------+-----
Stealth        | 1 2 |  2.0
Fighting       | 3 |  3.1
Short Blades   | |  2.6
Throwing       | |  1.7
Dodging        | |  2.6

Action                   || total
-------------------------++-------
Melee: Rapier            ||    10
       Short sword       ||    70
  Use: Scroll            ||     2
 Stab: Sleeping          ||     6
Armor: Leather armour    ||    24
Dodge: Dodged            ||    60
Block: Other             ||    14

Table legend: (Time is in decaauts)
 A = Elapsed time spent in this place.
 B = Non-inter-level travel time spent in this place.
 C = Inter-level travel time spent in this place.
 D = Time resting spent in this place.
 E = Time spent auto-exploring this place.
 F = Levels seen in this place.
 G = Mean time per level.
                   A        B        C        D        E       F      G
               +--------+--------+--------+--------+--------+-----+--------+
         Total |   1429 |   1380 |     49 |    313 |    842 |   2 |  714.5 |
       Dungeon |   1429 |   1380 |     49 |    313 |    842 |   2 |  714.5 |
               +--------+--------+--------+--------+--------+-----+--------+

Top non-repeatable levels by time:
     D:1: 1324 daAuts
     D:2: 105 daAuts
